 Dungeon Crawl Stone Soup version 0.23-a0-586-gacb4b3f (webtiles) character file.

462 inc the Firebug (level 6, 24/24 HPs)
             Began as a Felid Fire Elementalist on Dec 19, 2018.
             Quit the game on level 5 of the Dungeon.
             The game lasted 00:08:50 (7075 turns).

inc the Firebug (Felid Fire Elementalist)           Turns: 7075, Time: 00:08:50

Health: 24/24      AC:  2    Str:  4    XL:     6   Next: 79%
Magic:  10/10      EV: 18    Int: 19    God:
Gold:   251        SH:  0    Dex: 16    Spells: 1/9 levels left
                                        Lives:  1   Deaths: 1

rFire    . . .     SeeInvis +   (weapon unavailable)
rCold    . . .     Gourm    .   (shield unavailable)
rNeg     . . .     Faith    .   (armour unavailable)
rPois    .         Spirit   .   (helmet unavailable)
rElec    .         Reflect  .   (cloak unavailable)
rCorr    .         Harm     .   (gloves unavailable)
MR       +....                  (boots unavailable)
Stlth    +++.......             (no amulet)
HPRegen  0.08/turn              (no ring)
MPRegen  0.12/turn              (no ring)

@: quick
A: very small, no armour, no weapons or thrown items, stealth, antennae 1, claws
1, fangs 3, see invisible, carnivore, speed 1, magic resistance 1, shaggy fur 2,
slow metabolism 1, sharp paws
a: no special abilities


You were on level 5 of the Dungeon.
You were not hungry.

You visited 1 branch of the dungeon, and saw 5 of its levels.

You collected 251 gold pieces.

Inventory:

Wands
 n - a wand of polymorph (9)
 o - a wand of flame (10)
Scrolls
 a - a scroll of magic mapping {unknown}
 d - a scroll of blinking {unknown}
 e - a scroll of teleportation {unknown}
 g - a scroll of enchant weapon {unknown}
 h - a scroll of noise {unknown}
 i - a scroll of fear {unknown}
 k - 4 scrolls of identify {unknown}
 m - a scroll of enchant armour {unknown}
Potions
 c - a potion of curing {unknown}
 f - a potion of mutation
 l - a potion of might {unknown}
Comestibles
 b - 7 rations


   Skills:
 - Level 2.6 Dodging
 - Level 2.6 Stealth
 - Level 2.0 Spellcasting
 + Level 6.0 Conjurations
 + Level 6.1 Fire Magic


You had one spell level left.
You knew the following spells:

 Your Spells              Type           Power        Failure   Level  Hunger
a - Flame Tongue          Conj/Fire      ####.        1%          1    #......
b - Conjure Flame         Conj/Fire      ####....     4%          3    ###....
c - Sticky Flame          Conj/Fire      ####....     14%         4    #####..

Your spell library contained the following spells:

 Spells                   Type           Power        Failure   Level  Hunger
 Confusing Touch          Hex            #.....       17%         1    #......
 Corona                   Hex            #......      17%         1    #......
 Throw Flame              Conj/Fire      ####..       2%          2    ###....
 Dazzling Spray           Conj/Hex       ##....       14%         3    ###....
 Inner Flame              Hex/Fire       ##......     14%         3    ###....
 Ensorcelled Hibernation  Hex/Ice        #.....       26%         2    ###....
 Fireball                 Conj/Fire      ####......   36%         5    ######.
 Confuse                  Hex            #.......     45%         3    ###....
 Gell's Gravitas          Tloc           #.........   45%         3    ###....
 Tukima's Dance           Hex            #.......     45%         3    ###....
 Petrify                  Tmut/Erth      #.......     86%         4    #####..
 Metabolic Englaciation   Hex/Ice        #.........   99%         5    ######.
 Yara's Violent Unravell  Hex/Tmut       #.........   99%         5    ######.


Dungeon Overview and Level Annotations

Branches:
Dungeon (5/15)
 Temple: D:4-7

Altars:

Annotations:
D:3 1 runed door, Grinder, Ijyb


Innate Abilities, Weirdness & Mutations

You cannot wear armour.
You are incapable of wielding weapons or throwing items.
Your paws allow you to move quietly. (Stealth)
You have sharp claws.
You have razor-sharp teeth.
You have supernaturally acute eyesight. (SInv)
You are carnivorous and can eat meat at any time.
You cover ground quickly.
You are covered in thick fur. (AC +2)
You have a slow metabolism.
Your sharp claws are effective at attacking unaware monsters.
You have a pair of small antennae on your head.
You are resistant to hostile enchantments. (MR+)


Message History

Aim: a worker ant (almost dead)
The flame tongue misses the worker ant.
The worker ant bites you.
* * * LOW HITPOINT WARNING * * *
Casting: Flame Tongue (safe; 1% risk of failure)
Confirm with . or Enter, or press ? or * to list all spells.
Aiming: Flame Tongue (safe; 1% risk of failure)
Press: ? - help, Shift-Dir - straight line, f/p - worker ant
Aim: a worker ant (almost dead)
The flame tongue hits the worker ant.
The worker ant appears unharmed.
The worker ant is almost dead.
The worker ant bites you.
* * * LOW HITPOINT WARNING * * *
The worker ant bites you!
You die...
You are lethally poisoned!
The worker ant poisons you!
You are now level 6!
You rejoin the land of the living...
Unknown command.
Are you sure you want to abandon this character and quit the game? (Confirm

.#### #####.....
..........
#.........
#.........
#......... #......#
#.@....# #......#
#......# #......#
#......# #......#
#......'
###################
#...........


There were no monsters in sight!

Vanquished Creatures
  An ice beast (D:5)
  2 ogres
  A scorpion (D:4)
  2 hounds (D:5)
  2 iguanas
  9 worker ants
  A worker ant zombie (D:5)
  8 gnolls
  7 adders
  2 oozes
  2 adder zombies (D:5)
  2 adder skeletons
  2 worms
  A dart slug (D:3)
  8 leopard geckos
  5 orcs (D:3)
  2 ball pythons
  6 bats
  4 giant cockroaches
  7 goblins
  8 hobgoblins
  2 jackals (D:3)
  3 quokkas
  2 frilled lizards
  9 kobolds
  A leopard gecko skeleton (D:3)
  6 rats
105 creatures vanquished.

Notes
Turn   | Place    | Note
-------+----------+-------------------------------------------
     0 | D:1      | inc the Felid Fire Elementalist began the quest for the
                  | Orb.
     0 | D:1      | Reached XP level 1. HP: 7/7 MP: 4/4
    89 | D:1      | Reached skill level 1 in Conjurations
   301 | D:1      | Reached XP level 2. HP: 11/11 MP: 1/6
  1220 | D:2      | Reached XP level 3. HP: 14/14 MP: 3/7
  1892 | D:2      | Reached XP level 4. HP: 18/18 MP: 6/8
  2029 | D:3      | Found a runed door.
  2187 | D:3      | Noticed Grinder
  2920 | D:3      | Reached XP level 5. HP: 20/21 MP: 3/9
  3230 | D:3      | Noticed Ijyb
  3357 | D:3      | Learned a level 3 spell: Conjure Flame
  3362 | D:3      | Learned a level 4 spell: Sticky Flame
  3444 | D:4      | HP: 1/21 [worker ant (5)]
  4073 | D:4      | Noticed an ogre
  4083 | D:4      | Killed an ogre
  4083 | D:4      | Gained mutation: You are covered in thick fur. (AC +2)
                  | [Felid growth]
  4083 | D:4      | Reached XP level 6. HP: 9/24 MP: 4/10
  4469 | D:4      | Gained mutation: Your spells are a little easier to cast,
                  | but a little less powerful. [potion of mutation]
  4469 | D:4      | Gained mutation: You are partially covered in icy blue
                  | scales. (AC +2) [potion of mutation]
  4899 | D:4      | Lost mutation: Your spells are a little easier to cast, but
                  | a little less powerful. [potion of mutation]
  4899 | D:4      | Lost mutation: You are partially covered in icy blue
                  | scales. (AC +2) [potion of mutation]
  4899 | D:4      | Gained mutation: You are resistant to hostile enchantments.
                  | (MR+) [potion of mutation]
  4899 | D:4      | Gained mutation: You have a pair of small antennae on your
                  | head. [potion of mutation]
  4979 | D:4      | Reached skill level 5 in Conjurations
  4979 | D:4      | Reached skill level 5 in Fire Magic
  5698 | D:4      | Reached XP level 7. HP: 27/27 MP: 7/11
  5920 | D:5      | Entered Level 5 of the Dungeon
  7074 | D:5      | Slain by a worker ant
  7075 | D:5      | Reached XP level 6. HP: 0/24 MP: 0/10
  7075 | D:5      | Quit the game

Vault maps used:
D:1:      dpeg_arrival_lava_altar
D:2:      first_ration
D:3:      hangedman_decor_growths, patterned_corridor, uniq_crazy_yiuf_cottage,
          uniq_ijyb, uniq_grinder
D:4:      chequers_jeans
D:5:      minmay_chambers_of_fours, gammafunk_ghost_grave,
          cheibrodos_worm_habitat

Skill      XL: |  1  2  3  4  5  6  7 |
---------------+----------------------+-----
Conjurations   | 2 3 4 5 6 |  6.0
Fire Magic     | 3 4 5 6 |  6.1
Dodging        | |  2.6
Stealth        | |  2.6
Spellcasting   | |  2.0

Action                   |  1- 3 |  4- 6 |  7- 9 || total
-------------------------+-------+-------+-------++-------
Melee: Unarmed           |     5 |     1 |     1 ||     7
       Bite              |     1 |       |     1 ||     2
 Cast: Flame Tongue      |    63 |   142 |    68 ||   273
       Sticky Flame      |       |     3 |     2 ||     5
  Use: Potion            |       |     6 |       ||     6
  Eat: Chunk             |     1 |     9 |     5 ||    15
Armor: Skin              |     5 |     1 |     2 ||     8
Dodge: Dodged            |    26 |    50 |    31 ||   107

Table legend:
 A = Non-vault XP
 B = Vault XP
 C = Vault XP percentage of total XP
 D = Non-vault monster count
 E = Vault monster count
 F = Vault count percentage of total count
                 A         B        C        D         E       F
            +---------+---------+-------+---------+---------+-------
      Total |    1285 |       0 |   0.0 |     105 |       0 |   0.0
            +---------+---------+-------+---------+---------+-------
        D:1 |      35 |       0 |   0.0 |      17 |       0 |   0.0
        D:2 |      64 |       0 |   0.0 |      18 |       0 |   0.0
        D:3 |     137 |       0 |   0.0 |      36 |       0 |   0.0
        D:4 |     497 |       0 |   0.0 |      16 |       0 |   0.0
        D:5 |     552 |       0 |   0.0 |      18 |       0 |   0.0
            +---------+---------+-------+---------+---------+-------
